 Dungeon Crawl Stone Soup version 0.28.0-45-g0d030f2227 (webtiles) character file.

Game seed: 10431731487831909450

275 Mordizer the Poker (level 6, -2/47 HPs)
             Began as a Gnoll Wanderer on May 14, 2022.
             Was a Believer of Fedhas.
             Slain by a phantom (4 damage)
             ... on level 3 of the Dungeon.
             The game lasted 00:20:26 (2663 turns).

Mordizer the Poker (Gnoll Wanderer)                 Turns: 2663, Time: 00:20:27

Health: -2/47      AC: 11    Str: 11    XL:     6   Next: 24%
Magic:  8/8        EV: 10    Int: 10    God:    Fedhas [**....]
Gold:   141        SH:  0    Dex: 15    Spells: 8/8 levels left

rFire   + . .      SeeInvis .   h - +2 quarterstaff (chaos)
rCold   + . .      Faith    .   (shield currently unavailable)
rNeg    . . .      Spirit   .   u - +0 scale mail
rPois   +          Reflect  .   d - +0 helmet
rElec   +          Harm     .   p - +0 cloak
rCorr   +          Rampage  .   (no gloves)
Will    .....                   f - +0 pair of boots
Stlth   +.........              (no amulet)
HPRegen 0.15/turn               (no ring)
MPRegen 0.11/turn               (no ring)

@: resistant
A: fangs 1, strong nose, distributed training
a: Renounce Religion, Wall of Briars


You were on level 3 of the Dungeon.
You worshipped Fedhas.
Fedhas was pleased with you.
You visited 1 branch of the dungeon, and saw 4 of its levels.

You collected 141 gold pieces.

Inventory:

Hand Weapons
 a - a +1 trident
 b - a +0 hunting sling
 h - a +2 quarterstaff of chaos (weapon)
Missiles
 c - 46 sling bullets
 i - 44 stones
 m - a throwing net (quivered)
 o - a boomerang of dispersal
 q - 3 curare-tipped darts
Armour
 d - a +0 helmet (worn)
 e - a +2 buckler
 f - a +0 pair of boots (worn)
 n - an orb of energy
 p - a +0 cloak (worn)
 u - a +0 scale mail (worn)
Scrolls
 j - a scroll of teleportation
Potions
 g - 3 potions of mutation {unknown}
 t - a potion of magic {unknown}


   Skills:
 + Level 3.2 Fighting
 + Level 1.8 Short Blades
 + Level 1.8 Long Blades
 + Level 1.8 Axes
 + Level 1.8 Maces & Flails
 + Level 6.8 Polearms
 + Level 1.8 Staves
 + Level 3.2 Slings
 + Level 1.8 Bows
 + Level 1.8 Crossbows
 + Level 3.2 Throwing
 + Level 4.9 Armour
 + Level 4.9 Dodging
 + Level 1.8 Stealth
 + Level 1.8 Shields
 + Level 1.8 Unarmed Combat
 + Level 1.8 Spellcasting
 + Level 1.4 Conjurations
 + Level 1.4 Hexes
 + Level 1.4 Summonings
 + Level 1.4 Necromancy
 + Level 1.4 Translocations
 + Level 1.4 Transmutations
 + Level 1.4 Fire Magic
 + Level 1.4 Ice Magic
 + Level 1.4 Air Magic
 + Level 1.4 Earth Magic
 + Level 1.4 Poison Magic
 + Level 2.0 Invocations
 + Level 1.8 Evocations


You had 8 spell levels left.
You didn't know any spells.
Your spell library contained the following spells:

 Spells                   Type           Power      Damage    Failure   Level
 Magic Dart               Conj           12%        1d3       65%         1
 Searing Ray              Conj           6%         2d4       80%         2
 Fulminant Prism          Conj/Hex       1%         3d6       100%        4


Dungeon Overview and Level Annotations

Branches:
Dungeon (4/15)
 Temple: D:4-7

Altars:
Fedhas


Innate Abilities, Weirdness & Mutations

You have very sharp teeth.
Your uncanny sense of smell can sniff out nearby items.
Your experience applies equally to all skills.


Message History

* * * LOW HITPOINT WARNING * * *
The adder bites you but does no damage. The ball python completely misses you.
The ball python grabs you.
You stop ascending the stairs.
The ball python constricts you. The adder bites you but does no damage.
The hound bites you but does no damage. The phantom hits you.
* * * LOW HITPOINT WARNING * * *
The adder bites you but does no damage.
You escape the ball python's grasp.
You feel sick. The adder bites you but does no damage.
The hound bites you but does no damage.
The ball python closely misses you. x2; The adder bites you.
* * * LOW HITPOINT WARNING * * *
The phantom hits you but does no damage.
You climb upwards.
You feel sick.
There is a stone staircase leading down here.
You hit the phantom. You bite the phantom, but do no damage.
The phantom is lightly damaged.
You feel sick. The hound barely misses you.
The adder bites you but does no damage. The adder bites you.
* * * LOW HITPOINT WARNING * * *
The ball python bites you.
* * * LOW HITPOINT WARNING * * *
The ball python grabs you. The ball python constricts you.
The hound bites you but does no damage. The adder closely misses you.
The phantom closely misses you.
You sock the ball python!
You kill the ball python!
Fedhas appreciates your contribution to the ecosystem.
You feel sick.
You are no longer poisoned.
The adder barely misses you. The hound bites you but does no damage.
The adder bites you but does no damage. The adder bites you.
* * * LOW HITPOINT WARNING * * *
The phantom hits you but does no damage.
The hound bites you but does no damage. The adder bites you but does no damage.
It was a potion of resistance.
You feel protected. The hound bites you but does no damage.
The adder bites you but does no damage. The phantom hits you.
You die...
Fedhas appreciates your contribution to the ecosystem.

.##........................##..#.
...........................##..#.
.##........................##..#.
...........................##..##
.#.........................##....
'#.........................##.###
...........####....####...###.#
...........# #SW..####...# #.#
...........# #†@S.##.....###.##
...........# #.h..##..........##
...........# #....##............
###........####....##............
#...........+....'.............
#.......#####....##............
###.................'............
.........[.)#)......#............
...........)....#.#.###########..


You could see a phantom, a hound and 2 adders.

Vanquished Creatures
  A wyvern skeleton (D:3)
  A hound (D:4)
  An orc priest (D:3)
  Crazy Yiuf (D:2)
  An orc wizard (D:3)
  Robin (D:2)
  3 adders
  A worm (D:3)
  A dart slug (D:2)
  7 orcs (D:3)
  4 endoplasms
  4 giant cockroaches
  10 goblins
  4 hobgoblins
  3 jackals (D:3)
  A quokka (D:2)
  6 ball pythons
  6 bats
  5 frilled lizards
  4 kobolds
  4 rats (D:1)
69 creatures vanquished.

Vanquished Creatures (others)
  A fungus (D:2)
  3 plants (D:4)
4 creatures vanquished.

Grand Total: 73 creatures vanquished

Notes
Turn   | Place    | Note
-------+----------+-------------------------------------------
     0 | D:1      | Mordizer the Gnoll Wanderer began the quest for the Orb.
     0 | D:1      | Mordizer set off with the following items: a +0 trident, a
                  | +0 hunting sling, 20 sling bullets, a +0 helmet, a +0 robe
     0 | D:1      | Reached XP level 1. HP: 17/17 MP: 1/1
   164 | D:1      | Reached XP level 2. HP: 21/23 MP: 2/2
   382 | D:1      | Found a faded altar of an unknown god.
   392 | D:1      | Prayed at the altar of an unknown god.
   392 | D:1      | Became a worshipper of Fedhas Madash
   392 | D:1      | Reached * piety under Fedhas
   593 | D:2      | Reached XP level 3. HP: 28/28 MP: 3/3
   726 | D:2      | Noticed Robin
   736 | D:2      | Killed Robin
   737 | D:2      | Reached skill level 1 in Invocations
   742 | D:2      | Reached skill level 1 in Short Blades
   742 | D:2      | Reached skill level 1 in Long Blades
   742 | D:2      | Reached skill level 1 in Axes
   742 | D:2      | Reached skill level 1 in Maces & Flails
   742 | D:2      | Reached skill level 1 in Staves
   742 | D:2      | Reached skill level 1 in Bows
   742 | D:2      | Reached skill level 1 in Crossbows
   742 | D:2      | Reached skill level 1 in Stealth
   742 | D:2      | Reached skill level 1 in Shields
   742 | D:2      | Reached skill level 1 in Unarmed Combat
   742 | D:2      | Reached skill level 1 in Spellcasting
   742 | D:2      | Reached skill level 1 in Evocations
   744 | D:2      | Reached XP level 4. HP: 23/34 MP: 5/5
  1009 | D:2      | Reached ** piety under Fedhas
  1256 | D:2      | Found a runed translucent door.
  1258 | D:2      | Noticed Crazy Yiuf
  1503 | D:2      | Killed Crazy Yiuf
  1504 | D:2      | Reached skill level 1 in Conjurations
  1504 | D:2      | Reached skill level 1 in Hexes
  1504 | D:2      | Reached skill level 1 in Summonings
  1504 | D:2      | Reached skill level 1 in Necromancy
  1504 | D:2      | Reached skill level 1 in Translocations
  1504 | D:2      | Reached skill level 1 in Transmutations
  1504 | D:2      | Reached skill level 1 in Fire Magic
  1504 | D:2      | Reached skill level 1 in Ice Magic
  1504 | D:2      | Reached skill level 1 in Air Magic
  1504 | D:2      | Reached skill level 1 in Earth Magic
  1504 | D:2      | Reached skill level 1 in Poison Magic
  1717 | D:3      | Reached XP level 5. HP: 23/40 MP: 6/6
  2434 | D:3      | Reached XP level 6. HP: 40/47 MP: 8/8
  2662 | D:3      | HP: 2/47 [adder (3)]
  2663 | D:3      | Slain by a phantom

Illustrated notes

Levels and vault maps discovered:
D:1:      dpeg_arrival_court, layout_loops_ring,
          hellmonk_ecumenical_altar_prayer_group, minmay_misc_feat_four_crosses,
          wad_floor_pattern_1
D:2:      layout_basic, minmay_misc_feat_x, minmay_heptomino_d4,
          uniq_crazy_yiuf_cottage, uniq_robin
D:3:      layout_basic
D:4:      layout_rooms, serial_shops, nicolae_stop_n_shop_1, kennysheep_mini,
          shop, nicolae_shop_crystal, nicolae_grassy_gnolls

Skill      XL: |  1  2  3  4  5 |
---------------+----------------+-----
Invocations    | 1 2 |  2.0
Short Blades   | 1 |  1.8
Long Blades    | 1 |  1.8
Axes           | 1 |  1.8
Maces & Flails | 1 |  1.8
Staves         | 1 |  1.8
Bows           | 1 |  1.8
Crossbows      | 1 |  1.8
Stealth        | 1 |  1.8
Shields        | 1 |  1.8
Unarmed Combat | 1 |  1.8
Spellcasting   | 1 |  1.8
Evocations     | 1 |  1.8
Conjurations   | 1 |  1.4
Hexes          | 1 |  1.4
Summonings     | 1 |  1.4
Necromancy     | 1 |  1.4
Translocations | 1 |  1.4
Transmutations | 1 |  1.4
Fire Magic     | 1 |  1.4
Ice Magic      | 1 |  1.4
Air Magic      | 1 |  1.4
Earth Magic    | 1 |  1.4
Poison Magic   | 1 |  1.4
Fighting       | 3 |  3.2
Slings         | 3 |  3.2
Throwing       | 3 |  3.2
Polearms       | |  6.8
Armour         | |  4.9
Dodging        | |  4.9

Action                   |  1- 3 |  4- 6 || total
-------------------------+-------+-------++-------
Melee: Trident           |    73 |    45 ||   118
       Bite              |     6 |    12 ||    18
       Punch             |     1 |       ||     1
       Quarterstaff      |       |    57 ||    57
Throw: Dart              |       |     3 ||     3
  Use: Scroll            |     5 |       ||     5
       Potion            |       |     1 ||     1
Armor: Robe              |    18 |     8 ||    26
       Ring mail         |       |    19 ||    19
       Scale mail        |       |    35 ||    35
Dodge: Dodged            |    37 |   100 ||   137
